 Dungeon Crawl Stone Soup version 0.19.0-24-gb05acd6 (webtiles) character file.

1430 ImaNewbie the Cleaver (level 9, 0/64 HPs)
             Began as a Formicid Fighter on Nov 20, 2016.
             Slain by Prince Ribbit (4 damage)
             ... on level 5 of the Dungeon.
             The game lasted 00:11:25 (4686 turns).

ImaNewbie the Cleaver (Formicid Fighter)            Turns: 4686, Time: 00:11:26

Health: 0/64       AC: 11    Str: 25    XL:     9   Next: 3%
Magic:  9/9        EV:  8    Int:  7    God:
Gold:   347        SH: 10    Dex: 10    Spells: 0 memorised, 8 levels left

rFire  . . .     SeeInvis +     a - +0 war axe
rCold  . . .     Gourm    .     b - +0 scale mail
rNeg   . . .     Faith    .     c - +1 shield
rPois  .         Spirit   .     (helmet unavailable)
rElec  .         Reflect  .     (no cloak)
rCorr  .         Harm     .     k - +2 pair of gloves
MR     .....                    j - +0 pair of boots
Stlth  ..........               (no amulet)
                                (no ring)
                                x - ring of wizardry

@: no status effects
A: permanent stasis, dig shafts and tunnels, four strong arms, antennae 3
a: Dig, Shaft Self


You were on level 5 of the Dungeon.
You were hungry.

You visited 1 branch of the dungeon, and saw 5 of its levels.
You also visited: Sewer.

You collected 347 gold pieces.

Inventory:

Hand Weapons
 a - a +0 war axe (weapon)
Missiles
 p - 9 poisoned needles
Armour
 b - a +0 scale mail (worn)
 c - a +1 shield (worn)
 j - a +0 pair of boots (worn)
 k - a +2 pair of gloves (worn)
Jewellery
 x - a ring of wizardry (left hand)
Scrolls
 e - a scroll of fog {unknown}
 g - a scroll of fear {unknown}
 h - a scroll of remove curse {unknown}
 l - a scroll of amnesia {unknown}
 q - a scroll of immolation {unknown}
 r - a scroll of enchant armour
 s - 2 scrolls of magic mapping
 u - 2 scrolls of identify
Potions
 d - 2 potions of might
 m - a potion of magic
 n - a potion of resistance
 v - 2 potions of ambrosia {unknown}
 w - a potion of heal wounds
Comestibles
 f - 4 bread rations
 i - a royal jelly
 o - 4 fruits
 t - a beef jerky


   Skills:
 - Level 3.2 Fighting
 + Level 10.6 Axes
 - Level 3.2 Armour
 - Level 3.6 Shields


You had 8 spell levels left.
You didn't know any spells.

Dungeon Overview and Level Annotations

Branches:
Dungeon (5/15)
 Temple: D:4-7

Altars:
Nemelex Xobeh
Sif Muna

Shops:
D:5 *

Annotations:
D:5 Prince Ribbit


Innate Abilities, Weirdness & Mutations

You are under a permanent stasis effect.
You can dig through walls and to a lower floor.
Your four strong arms can wield two-handed weapons with a shield.
You have a pair of large antennae on your head. (SInv)


Message History

Prince Ribbit barely misses you.
You closely miss Prince Ribbit.
Prince Ribbit is severely wounded.
Prince Ribbit hits you.
* * * LOW HITPOINT WARNING * * *
You block Prince Ribbit's attack.
You completely miss Prince Ribbit.
Prince Ribbit is severely wounded.
Prince Ribbit hits you.
* * * LOW HITPOINT WARNING * * *
You hit Prince Ribbit.
Prince Ribbit is severely wounded.
Prince Ribbit barely misses you. You block Prince Ribbit's attack.
You closely miss Prince Ribbit.
Prince Ribbit is severely wounded.
Prince Ribbit hits you but does no damage.
You barely miss Prince Ribbit.
Prince Ribbit is severely wounded.
Prince Ribbit closely misses you. Prince Ribbit hits you.
You die...

.∩.Z# ... # #⌠.⌠.# #.#
#. #. ..# #.# #
#.##.##.# ##.## .#
##.......####...####.#
...........#.........#
..###......#.........#
..........ZF.(.......#
...........#@.....####
## .....<.....###.####
########[ .......#####
#.# #........ .......
##.## #.#.#†#..
....... #...#
#..###... ....!..
#...# #.#.#.#..
.#?.##. #...#
#.##.##.. #.. #.
#...#####........
#####...............#


You could see Prince Ribbit and an adder skeleton.

Vanquished Creatures
  Purgy (D:3)
  A phantom (D:5)
  2 ogres (D:4)
  2 centaurs
  3 big kobolds (Sewer)
  3 scorpions (D:5)
  A howler monkey (D:4)
  3 crimson imps (D:5)
  A jelly (D:5)
  An orc priest (D:3)
  An orc wizard (D:3)
  3 worker ants
  A killer bee zombie (D:5)
  8 adders
  4 river rats (Sewer)
  A shadow imp (D:5)
  4 oozes
  9 worms
  2 leopard geckos
  8 orcs (D:3)
  6 giant cockroaches
  6 hobgoblins
  6 jackals
  2 quokkas
  5 ball pythons
  7 bats
  6 frilled lizards
  4 goblins
  13 kobolds
  10 rats
  A fungus (D:3)
125 creatures vanquished.

Notes
Turn   | Place    | Note
-------+----------+-------------------------------------------
     0 | D:1      | ImaNewbie the Formicid Fighter began the quest for the Orb.
     0 | D:1      | Reached XP level 1. HP: 18/18 MP: 1/1
   298 | D:1      | Reached XP level 2. HP: 24/24 MP: 2/2
   349 | D:1      | Reached skill level 3 in Axes
   403 | D:1      | Reached XP level 3. HP: 29/29 MP: 3/3
   937 | D:2      | Reached skill level 4 in Axes
   937 | D:2      | Reached XP level 4. HP: 33/35 MP: 4/4
  1407 | D:3      | Found a sparkling altar of Nemelex Xobeh.
  1580 | D:3      | Found a glowing drain.
  1600 | D:3      | Reached XP level 5. HP: 28/41 MP: 5/5
  1732 | Sewer    | Entered a sewer
  1772 | Sewer    | Reached skill level 5 in Axes
  1921 | Sewer    | Noticed a big kobold
  1957 | Sewer    | Killed a big kobold
  1957 | Sewer    | Reached XP level 6. HP: 46/47 MP: 6/6
  2011 | Sewer    | Reached skill level 6 in Axes
  2188 | Sewer    | Reached skill level 7 in Axes
  2188 | Sewer    | Reached XP level 7. HP: 52/52 MP: 7/7
  2645 | D:3      | Noticed Purgy
  2674 | D:3      | Killed Purgy
  3078 | D:3      | Reached skill level 8 in Axes
  3204 | D:3      | Found a deep blue altar of Sif Muna.
  3274 | D:4      | Reached XP level 8. HP: 57/58 MP: 8/8
  3413 | D:4      | Reached skill level 9 in Axes
  3901 | D:5      | Entered Level 5 of the Dungeon
  4154 | D:5      | Reached skill level 10 in Axes
  4162 | D:5      | Noticed Prince Ribbit
  4253 | D:5      | HP: 1/58 [Prince Ribbit (11)]
  4635 | D:5      | Found Nudyw's General Store.
  4654 | D:5      | Reached XP level 9. HP: 59/64 MP: 9/9
  4683 | D:5      | HP: 3/64 [Prince Ribbit (6)]
  4686 | D:5      | Slain by Prince Ribbit

Skill      XL: |  1  2  3  4  5  6  7  8 |
---------------+-------------------------+-----
Axes           | 3 4 5 7 8 10 | 10.6
Fighting       | |  3.2
Armour         | |  3.2
Shields        | |  3.6

Action                   |  1- 3 |  4- 6 |  7- 9 || total
-------------------------+-------+-------+-------++-------
Melee: War axe           |   105 |   174 |   327 ||   606
  Use: Scroll            |       |     6 |     2 ||     8
       Potion            |       |       |     2 ||     2
  Eat: Chunk             |       |     5 |     8 ||    13
Armor: Scale mail        |    63 |    55 |   125 ||   243
Dodge: Dodged            |    35 |    50 |   103 ||   188
Block: Shield            |    58 |    79 |   173 ||   310
